Map: King's Cove LE

Players

TiPtOP - Winner!

  • Race: Terran Terran
  • League: Silver
  • Spawn Location: 5:00

feedroh

  • Race: Protoss Protoss
  • League: Silver
  • Spawn Location: 11:00

VOD

Have the link to the VOD?

Description

Time

  • Played on: Aug. 15, 2019, 11:14 p.m.
  • Length: 23:31
Show
View Real Time Build Order
Export as new Build Order

TiPtOP Terran - Winner!

Build Orders: Mech 

Get SALT Encoding   

  12  0:01  SCV  
  13  0:13  SCV  
  14  0:20  Supply Depot  
  14  0:25  SCV  
  15  0:41  SCV  
  16  0:43  Refinery  
  16  0:46  Barracks  
  16  0:55  SCV  
  17  1:07  SCV  
  18  1:19  SCV  
  19  1:33  Command Center  
  19  1:41  Marine  
  20  1:49  Orbital Command  
  20  2:01  Supply Depot  
  20  2:15  Factory, SCV  
  21  2:26  Barracks Tech Lab  
  21  2:30  SCV  
  22  2:44  SCV  
  22  2:47  Orbital Command  
  23  3:07  Bunker  
  23  3:16  SCV  
  24  3:28  SCV  
  25  3:34  Factory  
  25  3:37  SCV  
  25  3:40  SCV  
  27  3:42  Refinery  
  27  3:46  Supply Depot  
  27  3:49  SCV  
  28  3:56  SCV  
  28  4:01  SCV  
  30  4:08  SCV  
  30  4:19  Factory Reactor  
  30  4:24  Command Center  
  30  4:29  Command Center  
  30  4:32  SCV  
  30  4:33  SCV  
  30  4:37  Supply Depot  
  30  4:38  Siege Tank  
  35  4:44  SCV  
  35  4:45  SCV  
  37  4:59  Factory  
  37  5:04  SCV x2  
  39  5:11  Siege Tank  
  42  5:16  SCV x2  
  44  5:21  Engineering Bay  
  44  5:28  Supply Depot  
  44  5:34  Supply Depot  
  44  5:51  Factory Tech Lab  
  44  6:00  Armory  
  44  6:10  Widow Mine x2  
  48  6:16  Siege Tank  
  51  6:21  Refinery  
  45  6:33  Missile Turret  
  45  6:34  Missile Turret  
  43  6:45  Missile Turret, Refinery  
  43  6:46  Missile Turret  
  36  6:48  Siege Tank  
  39  7:03  Missile Turret  
  39  7:14  SCV  
  39  7:15  Missile Turret  
  40  7:16  SCV x2  
  40  7:19  Orbital Command  
  42  7:27  Orbital Command  
  42  7:29  Thor, Hellbat x2  
  49  8:00  SCV  
  49  8:04  Hellbat x2  
  54  8:12  SCV  
  55  8:18  SCV  
  56  8:23  SCV  
  57  8:30  SCV  
  57  8:31  Refinery  
  58  8:35  SCV  
  59  8:44  SCV x3  
  59  8:47  SCV  
  59  8:48  Thor  
  69  8:51  Hellbat x2  
  69  8:54  Orbital Command  
  69  8:55  Refinery  
  66  9:12  Hellbat x2  
  70  9:30  Thor  
  76  9:31  SCV  
  77  9:43  SCV  
  78  9:45  SCV  
  78  9:47  SCV x2  
  81  9:55  SCV  
  81  9:58  SCV  
  83  10:00  Thor  
  83  10:02  Hellbat x2  
  93  10:10  SCV  
  93  10:13  Factory, Thor  
  100  10:26  Supply Depot  
  100  10:27  Orbital Command  
  101  10:28  SCV, Supply Depot  
  101  10:29  SCV x2  
  101  10:30  Supply Depot  
  103  10:40  SCV  
  101  10:53  Supply Depot  
  101  10:54  Supply Depot  
  101  10:59  Factory  
  101  11:02  SCV  
  102  11:06  Refinery  
  102  11:08  Thor x2  
  102  11:09  Hellion x2  
  118  11:34  SCV  
  119  11:42  Factory Tech Lab  
  119  12:10  Smart Servos  
  119  12:16  Factory Reactor  
  119  12:19  Hellion x2  
  119  12:28  Factory Tech Lab  
  119  12:59  Hellbat x2  
  119  13:00  Thor x3, Hellbat  
  143  13:20  Supply Depot  
  141  13:29  Supply Depot  
  141  13:36  Hellbat x3  
  141  13:38  SCV  
  148  13:43  Thor, Supply Depot  
  154  13:50  Thor, SCV  
  154  13:53  Supply Depot  
  161  14:02  SCV  
  162  14:05  Thor  
  162  14:08  Supply Depot  
  166  14:13  SCV x3  
  166  14:14  SCV  
  166  14:16  Supply Depot  
  170  14:19  Hellbat x3  
  176  14:29  Thor  
  176  14:31  Supply Depot  
  182  14:33  Thor  
  188  14:39  Supply Depot  
  188  14:48  Thor  
  194  14:54  Supply Depot  
  194  15:00  Command Center  
  194  15:01  Supply Depot  
  194  15:12  Thor  
  200  15:17  Armory  
  200  15:20  Command Center  
  200  15:26  Supply Depot  
  200  15:46  Terran Vehicle And Ship Armor Level 1  
  200  15:50  Infernal Pre-Igniter  
  190  15:59  Refinery  
  162  16:09  Thor x2  
  162  16:10  Thor  
  162  16:11  Hellbat x4  
  134  16:26  Refinery  
  134  16:49  Hellbat x3  
  134  16:50  Hellbat  
  134  16:52  Thor x3  
  160  17:11  Hellbat x4  
  168  17:16  Planetary Fortress  
  168  17:25  Missile Turret  
  168  17:35  Thor x2  
  156  17:48  Thor  
  156  17:49  Hellbat x3  
  156  17:50  Hellbat  
  151  18:10  Hellbat  
  151  18:11  Hellbat  
  155  18:18  Thor x2  
  167  18:30  Thor  
  173  18:35  Missile Turret  
  173  18:36  Command Center  
  173  18:37  Refinery  
  173  18:38  Refinery  
  173  18:51  SCV  
  173  18:53  SCV x3  
  177  19:01  Thor x2  
  189  19:03  SCV  
  189  19:05  SCV  
  191  19:15  SCV  
  191  19:16  Refinery  
  190  19:21  Thor  
  190  19:22  Hellbat x2  
  190  19:27  SCV  
  183  19:32  Drilling Claws  
  183  19:35  Widow Mine x2  
  185  19:43  Widow Mine, Thor  
  185  19:44  Thor  
  189  19:49  SCV  
  176  20:01  SCV  
  177  20:13  SCV  
  178  20:15  Refinery  
  178  20:16  Widow Mine x3, Hellbat  
  178  20:17  Hellbat  
  188  20:25  SCV  
  188  20:27  Hellbat x2  
  193  20:28  Planetary Fortress  
  175  20:56  Thor x3  
  193  20:58  Hellbat x2  
  197  21:09  SCV x3  
  200  21:19  Terran Ship Weapons Level 1  
  189  22:22  SCV  
  189  22:23  SCV x2  
  189  22:26  Command Center  
  191  22:34  SCV  
  191  22:35  SCV  
  193  22:37  Orbital Command  
  183  23:25  Starport  
Show
View Real Time Build Order
Export as new Build Order

feedroh Protoss 

Build Orders:  

Get SALT Encoding   

  12  0:01  Probe  
  13  0:13  Probe  
  14  0:22  Pylon  
  14  0:27  Probe  
  15  0:32  Assimilator  
  15  0:43  Gateway  
  15  0:55  Pylon  
  15  1:12  Probe  
  15  1:13  Assimilator  
  16  1:24  Probe  
  17  1:34  Cybernetics Core  
  17  1:40  Probe  
  18  1:52  Probe  
  19  2:10  Stalker  
  19  2:12  Warp Gate  
  21  2:22  Robotics Facility  
  21  2:25  Gateway  
  21  2:32  Gateway  
  21  2:48  Nexus  
  21  2:50  Probe  
  22  2:59  Probe  
  23  3:07  Probe  
  24  3:13  Pylon  
  24  3:16  Sentry  
  26  3:26  Observer  
  27  3:32  Pylon  
  27  3:38  Stargate  
  27  3:43  Probe  
  28  3:51  Probe  
  29  3:59  Probe  
  29  4:00  Twilight Council  
  30  4:16  Stalker  
  32  4:17  Stalker  
  34  4:25  Oracle  
  34  4:29  Probe  
  37  4:38  Probe  
  38  4:40  Probe  
  40  4:47  Assimilator  
  40  4:49  Assimilator  
  40  4:52  Probe, Oracle  
  44  5:29  Oracle  
  44  5:31  Gateway  
  44  5:32  Probe  
  47  5:36  Probe  
  49  5:43  Charge  
  49  5:45  Zealot x2  
  49  5:46  Gateway  
  49  5:48  Probe  
  54  5:51  Forge  
  54  6:06  Zealot  
  54  6:07  Zealot  
  58  6:12  Phoenix  
  60  6:59  Zealot  
  62  7:07  Gateway  
  62  7:10  Pylon  
  62  7:20  Shield Battery, Pylon  
  62  7:24  Probe  
  63  7:33  Probe  
  63  7:36  Nexus  
  61  7:45  Probe  
  61  7:51  Probe  
  63  7:54  Probe  
  64  7:59  Protoss Ground Weapons Level 1  
  64  8:02  Probe  
  64  8:03  Probe  
  64  8:04  Pylon  
  65  8:07  Pylon  
  65  8:12  Probe  
  66  8:15  Immortal, Probe  
  66  8:19  Zealot x3  
  78  8:26  Stalker x2  
  82  8:34  Probe  
  82  8:37  Probe  
  84  8:42  Probe  
  85  8:49  Stalker, Probe  
  85  8:50  Stalker x2  
  85  8:54  Warp Prism  
  84  9:05  Shield Battery  
  84  9:06  Probe  
  84  9:07  Photon Cannon, Probe x2  
  86  9:15  Probe  
  87  9:19  Probe  
  87  9:21  Pylon  
  89  9:24  Pylon  
  89  9:27  Probe  
  89  9:28  Pylon  
  90  9:39  Probe  
  90  9:40  Gateway x2  
  90  9:43  Gateway  
  91  9:51  Immortal, Probe  
  96  10:00  Stalker x2  
  96  10:06  Forge  
  100  10:11  Photon Cannon  
  100  10:13  Zealot  
  100  10:14  Zealot x2  
  106  10:24  Zealot x2  
  110  10:54  Zealot x2  
  110  10:55  Zealot x3  
  110  10:56  Zealot  
  100  11:23  Protoss Ground Weapons Level 2  
  100  11:26  Protoss Ground Armor Level 1  
  100  11:27  Stalker  
  100  11:28  Stalker x4  
  100  11:31  Immortal  
  114  11:39  Probe  
  114  11:46  Assimilator  
  115  11:47  Probe  
  115  11:48  Photon Cannon  
  115  11:53  Pylon  
  116  11:57  Probe  
  117  12:04  Stalker x2  
  121  12:09  Probe  
  122  12:21  Probe  
  123  12:42  Stalker x2  
  127  12:44  Stalker x2  
  127  12:48  Probe  
  131  12:56  Probe  
  131  12:57  Immortal  
  136  13:00  Zealot x2  
  141  13:12  Templar Archives  
  141  13:33  Pylon  
  141  13:51  Immortal, Probe  
  146  13:56  Protoss Ground Armor Level 2  
  145  14:03  Probe  
  146  14:14  Stalker  
  148  14:33  Pylon  
  148  14:36  Nexus, Pylon  
  148  14:37  Shield Battery, Pylon  
  148  14:38  Pylon  
  148  14:40  Shield Battery, Pylon  
  148  14:41  Pylon x2  
  148  14:42  Pylon  
  148  14:43  Shield Battery  
  148  14:45  Pylon  
  148  14:48  Pylon  
  148  14:53  High Templar x2  
  148  14:54  High Templar  
  148  14:58  High Templar  
  156  15:01  Archon  
  156  15:05  Archon  
  156  15:09  High Templar  
  156  15:10  High Templar x3  
  164  15:15  Archon x2  
  164  15:27  Zealot x2  
  164  15:28  Zealot  
  170  15:29  Zealot  
  172  15:37  Protoss Shields Level 1  
  140  16:06  Zealot  
  140  16:07  Zealot x3  
  140  16:08  Zealot x3  
  140  16:09  Zealot  
  125  16:19  Void Ray  
  129  16:28  Stargate  
  129  16:30  High Templar x2, Protoss Ground Weapons Level 3  
  129  16:31  High Templar x4  
  141  16:34  High Templar x2  
  141  16:37  Archon x2  
  141  16:38  Archon  
  141  16:39  Archon  
  145  17:00  Stalker  
  145  17:01  Stalker x3  
  151  17:02  Stalker  
  151  17:03  Stalker  
  151  17:04  Stalker x2  
  165  17:22  Immortal  
  165  17:28  Assimilator  
  165  17:31  Shield Battery  
  165  17:36  Shield Battery  
  159  17:42  Shield Battery  
  139  17:44  Void Ray  
  139  17:51  Photon Cannon  
  86  18:07  Stalker  
  86  18:08  Stalker x2  
  86  18:09  Stalker x2  
  86  18:10  Stalker  
  86  18:11  Stalker x2  
  102  18:26  Gateway  
  102  18:27  Gateway  
  102  18:29  Gateway  
  102  18:31  Gateway  
  102  18:32  Gateway  
  102  18:33  Gateway  
  102  18:34  Gateway  
  102  18:39  Gateway  
  102  18:40  Robotics Facility  
  102  18:44  Zealot x4  
  102  18:46  Zealot x3  
  102  18:47  Zealot  
  118  18:59  Observer  
  119  19:06  High Templar x4  
  119  19:07  Probe  
  127  19:15  Probe  
  125  19:25  Probe  
  102  19:34  Photon Cannon  
  102  19:37  Probe  
  99  19:38  Photon Cannon  
  99  19:40  Archon  
  99  19:41  Archon  
  95  19:49  Zealot, Probe  
  95  19:50  Zealot  
  95  19:52  Zealot x4  
  89  19:53  Zealot  
  89  19:56  Zealot x3  
  89  19:57  Zealot  
  79  20:03  Zealot x3  
  85  20:13  Stalker  
  85  20:14  Zealot x2  
  89  20:15  Zealot x2  
  89  20:16  Zealot  
  89  20:17  Nexus  
  97  20:23  Zealot  
  97  20:25  Zealot  
  61  20:53  Zealot x3  
  61  20:54  Probe  
  66  21:02  Probe  
  67  21:07  Zealot  
  69  21:19  Zealot  
  71  21:33  Probe  
  72  21:42  Zealot  
  72  21:45  Probe  
  63  21:57  Probe  
  59  22:01  Probe  
  59  22:02  Zealot x3  
  59  22:03  Zealot  
  66  22:09  Probe x2  
  66  22:13  Zealot x2  
  70  22:17  Probe  
  70  22:21  Probe  
  70  22:27  Zealot  
  70  22:28  Zealot  
  74  22:33  Probe  
  59  23:01  Zealot x3  
  59  23:02  Zealot  
  59  23:03  Zealot x2  
  47  23:21  Nexus  
Tags
 
Composition
Mech
Matchup
PvT
Spawn Locations
Cross Positions
Add a new tag
Caveats
  • Supply blocks, unpowered buildings, or Contaminate may cause inaccurate times.
  • Supply counts are checked every 10 seconds.